 Dungeon Crawl Stone Soup version 0.28-a0-845-gfc338a8e3c (webtiles) character file.

Game seed: 9713193471686864296

207 bande the Chopper (level 5, -7/49 HPs)
             Began as a Gargoyle Fighter on Nov 13, 2021.
             Mangled by an ogre (14 damage)
             ... on level 5 of the Dungeon.
             The game lasted 00:03:38 (2952 turns).

bande the Chopper (Gargoyle Fighter)                Turns: 2952, Time: 00:03:39

Health: -7/49      AC: 13    Str: 20    XL:     5   Next: 85%
Magic:  5/5        EV:  7    Int:  9    God:
Gold:   148        SH:  4    Dex:  9    Spells: 4/4 levels left

rFire   . . .      SeeInvis .   a - +0 war axe
rCold   . . .      Faith    .   c - +0 buckler
rNeg    + . .      Spirit   .   i - +0 chain mail
rPois   ∞          Reflect  .   (no helmet)
rElec   +          Harm     .   (no cloak)
rCorr   .          Rampage  .   (no gloves)
Will    +....                   (no boots)
Stlth   ..........              (no amulet)
HPRegen 0.16/turn               b - ring of willpower
MPRegen 0.09/turn               (no ring)

@: berserking, very quick
A: sickness immunity, AC +4, negative energy resistance 1, electricity
resistance, torment resistance 1, petrification resistance
a: no special abilities


You were on level 5 of the Dungeon.
You visited 1 branch of the dungeon, and saw 4 of its levels.

You collected 148 gold pieces.

Inventory:

Hand Weapons
 a - a +0 war axe (weapon)
 j - a +0 flail
Armour
 c - a +0 buckler (worn)
 i - a +0 chain mail (worn)
Jewellery
 b - a ring of willpower (left hand)
Scrolls
 e - a scroll of noise {unknown}
 f - a scroll of identify
Potions
 d - 2 potions of might
 h - 2 potions of berserk rage


   Skills:
 + Level 4.0 Fighting
 + Level 4.1 Axes
 + Level 4.0 Armour
 - Level 0.1 Dodging
 + Level 3.9 Shields


You had 4 spell levels left.
You didn't know any spells.
Your spell library was empty.

Dungeon Overview and Level Annotations

Branches:
Dungeon (3/15)

Altars:

Shops:
D:3 :


Innate Abilities, Weirdness & Mutations

You are immune to sickness and miasma.
Your stone body is resilient. (AC +4)
You are immune to poison.
You resist negative energy. (rN+)
You are resistant to electric shocks. (rElec)
You are resistant to unholy torment.
You are immune to petrification.


Message History

You completely miss the orc warrior.
The orc warrior is lightly wounded.
You hit the ogre. You closely miss the adder. You block the adder's attack.
The orc warrior barely misses you. The adder bites you but does no damage.
The ogre hits you with a +0 giant spiked club!
* * * LOW HITPOINT WARNING * * *
You are too injured to fight recklessly!
You are too injured to fight recklessly!
You are too injured to fight recklessly!
You are too injured to fight recklessly!
You are too injured to fight recklessly!
Unknown command.
You feel better.
The orc warrior hits you but does no damage.
The adder bites you but does no damage.
An orc priest comes into view. It is wielding a +0 club.
The ogre closely misses you.
A red film seems to cover your vision as you go berserk!
You feel yourself moving faster!
You feel mighty!
The orc priest shouts!
The adder bites you but does no damage.
The orc warrior hits you but does no damage.
The adder bites you but does no damage.
Unknown command.
You barely miss the ogre.
The ogre is lightly wounded.
You hit the orc warrior. You closely miss the adder.
The orc warrior hits you with a +0 flail.
The orc wizard gestures wildly while chanting.
The orc wizard flickers and vanishes!
Deactivating autopickup; reactivate with Ctrl-A.
The ogre hits you but does no damage. The adder bites you but does no damage.
You barely miss the ogre.
The ogre is lightly wounded.
You miss the adder. You hit the orc warrior.
The orc warrior hits you with a +0 flail!
* * * LOW HITPOINT WARNING * * *
You block the adder's attack.
The ogre hits you with a +0 giant spiked club!
You die...

. .#
..# ##
#..# #o
##...
#{ o..
#o#O#.#
#@..#
##S##
.# ..
...
###. .#
#


You could see an orc warrior, an ogre, an orc priest, an adder and an orc.

Vanquished Creatures
  Terence (D:2)
  Jessica (D:2)
  A centaur skeleton (D:3)
  4 adders
  An ufetubus (D:3)
  2 worms
  2 dart slugs
  7 bats
  7 endoplasms
  4 giant cockroaches
  8 hobgoblins
  7 jackals (D:3)
  3 quokkas
  4 ball pythons
  3 frilled lizards
  8 goblins
  7 kobolds
  4 rats
74 creatures vanquished.

Notes
Turn   | Place    | Note
-------+----------+-------------------------------------------
     0 | D:1      | bande the Gargoyle Fighter began the quest for the Orb.
     0 | D:1      | Reached XP level 1. HP: 14/14 MP: 1/1
   280 | D:1      | Reached XP level 2. HP: 19/19 MP: 2/2
   643 | D:1      | Reached XP level 3. HP: 22/24 MP: 3/3
   700 | D:1      | Found a faded altar of an unknown god.
  1134 | D:2      | Reached XP level 4. HP: 26/29 MP: 4/4
  1493 | D:2      | Noticed Jessica
  1502 | D:2      | Killed Jessica
  1649 | D:2      | Noticed Terence
  1662 | D:2      | Killed Terence
  1663 | D:2      | Reached XP level 5. HP: 18/33 MP: 5/5
  2821 | D:3      | Found Iseorr's Book Boutique.
  2942 | D:3      | You fall into a shaft and drop 2 floors!
  2942 | D:5      | Entered Level 5 of the Dungeon
  2942 | D:5      | Noticed an orc warrior
  2944 | D:5      | Noticed an ogre
  2952 | D:5      | Mangled by an ogre

Illustrated notes

Levels and vault maps discovered:
D:1:      evilmike_arrival_fibonacci_small, layout_basic,
          hellmonk_ecumenical_altar_prayer_group
D:2:      layout_basic, kennysheep_generic_room_4, uniq_terence, uniq_jessica
D:3:      minmay_chambers_of_twos, layout_basic, lemuel_doored_altar,
          serial_shops, shop_statue
D:5:      layout_loops_ring, mainiacjoe_overflow_alcove_2, temple_statues,
          uniq_crazy_yiuf_cottage

Skill      XL: |  1  2  3  4  5 |
---------------+----------------+-----
Axes           | 2 3 4 |  4.1
Fighting       | 4 |  4.0
Armour         | 4 |  4.0
Dodging        | |  0.1
Shields        | |  3.9

Action                   |  1- 3 |  4- 6 || total
-------------------------+-------+-------++-------
Melee: War axe           |    81 |   139 ||   220
  Use: Scroll            |     3 |     3 ||     6
       Potion            |       |     2 ||     2
Armor: Scale mail        |    56 |    20 ||    76
       Chain mail        |       |    72 ||    72
Dodge: Dodged            |    52 |    57 ||   109
Block: Buckler           |    21 |    34 ||    55

Table legend: (Time is in decaauts)
 A = Elapsed time spent in this place.
 B = Non-inter-level travel time spent in this place.
 C = Inter-level travel time spent in this place.
 D = Time resting spent in this place.
 E = Time spent auto-exploring this place.
 F = Levels seen in this place.
 G = Mean time per level.
                   A        B        C        D        E       F      G
               +--------+--------+--------+--------+--------+-----+--------+
         Total |   3028 |   3028 |      0 |    516 |   1939 |   4 |  757.0 |
       Dungeon |   3028 |   3028 |      0 |    516 |   1939 |   4 |  757.0 |
               +--------+--------+--------+--------+--------+-----+--------+

Top non-repeatable levels by time:
     D:2: 1354 daAuts
     D:1: 938 daAuts
     D:3: 724 daAuts
     D:5: 11 daAuts
